 Dungeon Sprint DCSS version 0.17.0-17-ge4ba49f (webtiles) character file.

5000000 Iamburgie the Miracle Worker (level 27, -62/273 HPs)
             Began as a Green Draconian Skald on Nov 11, 2015.
             Was the Champion of Makhleb.
             Annihilated by The Servant
             ... wielding a +9 glaive of flaming
              (125 damage)
             ... in the Dungeon (Sprint VIII: "Arena of Blood").
             The game lasted 00:02:20 (50 turns).

Iamburgie the Miracle Worker (Green Draconian Skald)  Turns: 50, Time: 00:02:20

Health: -62/273    AC: 13    Str: 27    XL:     27
Magic:  14/54      EV: 27    Int: 12    God:    Makhleb [******]
Gold:   0          SH:  0    Dex: 12    Spells: 1 memorised, 79 levels left

rFire  . . .     SeeInvis .     j - +∞ Axe of Woe
rCold  . . .     Clarity  .     (armour unavailable)
rNeg   . . .     SustAt   .     (shield currently unavailable)
rPois  +         Gourm    .     (helmet restricted)
rElec  .         Spirit   .     (no cloak)
rCorr  .         Warding  .     (no gloves)
rMut   .         NoTele   +     (no boots)
MR     ++...                    (no amulet)
Stlth  ++++++++..               l - +200 ring of slaying
                                k - +200 ring of slaying

@: very resistant to hostile enchantments, extraordinarily stealthy
A: breathe noxious fumes, unfitting armour, stinger 1, poison resistance,
cold-blooded, AC +13
a: Breathe Noxious Fumes, Minor Destruction, Lesser Servant of Makhleb, Major
Destruction, Greater Servant of Makhleb, Renounce Religion


You were in the Dungeon.
You worshipped Makhleb.
Makhleb was exalted by your worship.
You were not hungry.

You visited 1 branch

Inventory:

Hand Weapons
 a - a +0 hand axe
 j - the +∞ Axe of Woe (weapon)
   (You found it in the Dungeon)
Jewellery
 k - a +200 ring of slaying (left hand)
 l - a +200 ring of slaying (right hand)
Scrolls
 i - a scroll of blinking
Potions
 d - a potion of curing
 e - a potion of heal wounds
 f - a potion of haste
 g - 2 potions of magic
 h - a potion of berserk rage
Books
 b - a book of Battle

   Spells                             Type                      Level
   a - Infusion                       Charms                       1
   b - Shroud of Golubria             Charms/Translocation         2
   c - Song of Slaying                Charms                       2
   d - Spectral Weapon                Hexes/Charms                 3
   e - Regeneration                   Charms/Necromancy            3
Comestibles
 c - a bread ration


   Skills:
 O Level 27 Fighting
 O Level 27 Axes
 O Level 27 Throwing
 O Level 27 Dodging
 O Level 27 Stealth
 O Level 27 Unarmed Combat
 O Level 27 Spellcasting
 O Level 27 Charms
 O Level 27 Invocations


You had 79 spell levels left.
You knew the following spells:

 Your Spells              Type           Power        Failure   Level  Hunger
a - Infusion              Chrm           ######       0%          1    None


Dungeon Overview and Level Annotations

Branches:
Dungeon (1/1)

Altars:
Makhleb

Annotations:
D The Servant


Innate Abilities, Weirdness & Mutations

You can breathe blasts of noxious fumes.
Your lurid green scales are hard (AC +13).
Your body does not fit into most forms of armour.
Your tail ends in a poisonous barb.
Your system is resistant to poisons.
You are cold-blooded and may be slowed by cold attacks.


Message History

The sculptor of flesh is engulfed in roaring flames.
The sculptor of flesh hits you with a +9 great sword!!!!!
Ouch! That really hurt!
* * * LOW HITPOINT WARNING * * *
A meat berserker comes into view. It is wielding a +9 battleaxe.
Items here: ))) === You are too injured to fight recklessly!
Unknown command.
You are too injured to fight recklessly!
Unknown command.
You carve the sculptor of flesh like a ham!!!!!
You chop the sculptor of flesh into pieces.
You destroy the sculptor of flesh!
Makhleb accepts your kill.
You feel better.
You hit the meat berserker.
You fatally mangle the meat berserker.
You kill the meat berserker!
Makhleb accepts your kill.
The Servant hits you from afar with a +9 glaive of flaming!!!!
You die...

...###... ..###.
.......V###.......
#........_.........
......#.....#..%...
......#_.<._#......
......#.....#......
#......)._..%.....
.......)###§z...O.
...###..M§@)@###.
.. #%)))))§#
#.C))x§§#
........§§......
..%.z..........#
....%.%%.M.....#..
.............##...
...#...%....#% ..%
...........#.. ##


You could see 2 accurseds, The Servant, 2 sculptors of flesh, a large bag of
meat (inner flame), a meat berserker (berserk) and a small abomination.

Vanquished Creatures
  9 vampire knights (D)
  13 ogres (D)
  31 orcs (D)
  5 hill giants (D)
  A skeletal warrior (D)
  4 large abominations (D)
  4 small abominations (D)
  A crawling corpse (D)
68 creatures vanquished.

Vanquished Creatures (others)
  2 crawling corpses (D)
2 creatures vanquished.

Grand Total: 70 creatures vanquished

Notes
Turn   | Place    | Note
--------------------------------------------------------------
     0 | D        | Iamburgie the Draconian Skald began the quest for the Orb.
     0 | D        | Reached XP level 1. HP: 17/17 MP: 3/3
     3 | D        | Became a worshipper of Makhleb the Destroyer
     5 | D        | Noticed a bag of meat
     6 | D        | Noticed a meat berserker
     7 | D        | Noticed a bag of meat
     8 | D        | Killed a bag of meat
     8 | D        | Reached skill level 12 in Fighting
     8 | D        | Reached skill level 18 in Charms
     8 | D        | Reached XP level 2. HP: 20/41 MP: 3/14
     8 | D        | Reached XP level 3. HP: 23/48 MP: 3/16
     8 | D        | Reached XP level 4. HP: 26/56 MP: 3/17
     8 | D        | Reached XP level 5. HP: 28/62 MP: 3/19
     8 | D        | Reached XP level 6. HP: 31/70 MP: 3/20
     8 | D        | Your scales start taking on a lurid green colour.
     8 | D        | Gained mutation: Your system is resistant to poisons. [Green Draconian growth]
     8 | D        | Reached XP level 7. HP: 34/77 MP: 3/22
     8 | D        | Reached XP level 8. HP: 36/83 MP: 3/23
     8 | D        | Reached XP level 9. HP: 39/90 MP: 3/24
     8 | D        | Reached XP level 10. HP: 42/97 MP: 3/25
     8 | D        | Reached XP level 11. HP: 45/104 MP: 3/26
     9 | D        | Noticed a bag of meat
     9 | D        | Noticed a bag of meat
     9 | D        | Noticed a bag of meat
     9 | D        | Killed a meat berserker
     9 | D        | Reached * piety under Makhleb
     9 | D        | Reached skill level 22 in Charms
     9 | D        | Reached XP level 12. HP: 47/118 MP: 3/30
     9 | D        | Reached XP level 13. HP: 49/125 MP: 3/31
    10 | D        | Noticed a bag of meat
    10 | D        | Noticed a bag of meat
    10 | D        | Noticed a bag of meat
    10 | D        | Noticed a bag of meat
    10 | D        | Noticed a meat berserker
    10 | D        | Noticed a bag of meat
    10 | D        | Noticed a bag of meat
    10 | D        | Noticed a meat berserker
    11 | D        | Noticed a bag of meat
    11 | D        | Noticed a large bag of meat
    11 | D        | Noticed a bag of meat
    11 | D        | Noticed a large bag of meat
    12 | D        | Noticed a bag of meat
    12 | D        | Noticed a bag of meat
    12 | D        | Noticed a meat berserker
    12 | D        | Noticed a meat berserker
    13 | D        | Noticed a meat berserker
    13 | D        | Killed a meat berserker
    13 | D        | Reached skill level 15 in Axes
    13 | D        | Reached skill level 10 in Dodging
    13 | D        | Reached skill level 25 in Charms
    13 | D        | Gained mutation: Your tail ends in a poisonous barb. [Green Draconian growth]
    13 | D        | Reached XP level 14. HP: 49/138 MP: 4/34
    13 | D        | Noticed a bag of meat
    14 | D        | Noticed a bag of meat
    14 | D        | Killed a meat berserker
    14 | D        | Reached ** piety under Makhleb
    14 | D        | Reached skill level 27 in Charms
    14 | D        | Reached XP level 15. HP: 51/150 MP: 4/36
    14 | D        | Killed a bag of meat
    14 | D        | Killed a bag of meat
    14 | D        | Reached *** piety under Makhleb
    14 | D        | Reached XP level 16. HP: 105/165 MP: 4/39
    14 | D        | Killed a bag of meat
    15 | D        | Noticed a bag of meat
    15 | D        | Killed a bag of meat
    15 | D        | Killed a bag of meat
    15 | D        | Reached **** piety under Makhleb
    15 | D        | Reached XP level 17. HP: 177/180 MP: 5/43
    16 | D        | Noticed a bag of meat
    16 | D        | Killed a bag of meat
    16 | D        | Killed a meat berserker
    16 | D        | Reached ***** piety under Makhleb
    16 | D        | Reached skill level 15 in Dodging
    16 | D        | Killed a bag of meat
    16 | D        | Reached skill level 27 in Fighting
    16 | D        | Reached skill level 27 in Axes
    16 | D        | Reached XP level 18. HP: 191/200 MP: 5/46
    17 | D        | Killed a meat berserker
    17 | D        | Reached skill level 27 in Spellcasting
    17 | D        | Killed a large bag of meat
    17 | D        | Killed a bag of meat
    17 | D        | Killed a bag of meat
    17 | D        | Reached ****** piety under Makhleb
    17 | D        | Reached XP level 19. HP: 207/207 MP: 5/50
    18 | D        | Noticed a bag of meat
    18 | D        | Noticed a meat berserker
    18 | D        | Killed a bag of meat
    18 | D        | Reached skill level 27 in Dodging
    18 | D        | Killed a large bag of meat
    18 | D        | Reached skill level 5 in Throwing
    18 | D        | Killed a meat berserker
    18 | D        | Killed a bag of meat
    18 | D        | Reached XP level 20. HP: 216/216 MP: 5/51
    19 | D        | Noticed a bag of meat
    19 | D        | Killed a bag of meat
    19 | D        | Reached skill level 15 in Stealth
    19 | D        | Reached skill level 15 in Unarmed Combat
    20 | D        | Noticed a bag of meat
    20 | D        | Noticed a bag of meat
    20 | D        | Killed a bag of meat
    21 | D        | Killed a bag of meat
    21 | D        | Reached skill level 15 in Throwing
    21 | D        | Killed a bag of meat
    22 | D        | Killed a bag of meat
    23 | D        | Killed a bag of meat
    24 | D        | Noticed a destroyer
    24 | D        | Killed a meat berserker
    24 | D        | Reached XP level 21. HP: 224/224 MP: 7/52
    25 | D        | Noticed a large bag of meat
    25 | D        | Noticed a bag of meat
    26 | D        | Noticed a meat berserker
    26 | D        | Noticed a destroyer
    26 | D        | Killed a bag of meat
    26 | D        | Killed a meat berserker
    26 | D        | Killed a bag of meat
    26 | D        | Killed a bag of meat
    26 | D        | Reached skill level 27 in Invocations
    26 | D        | Reached XP level 22. HP: 233/233 MP: 7/53
    27 | D        | Noticed a meat berserker
    27 | D        | Noticed a destroyer
    27 | D        | Noticed a destroyer
    27 | D        | Killed a bag of meat
    28 | D        | Noticed a meat berserker
    28 | D        | Noticed a bag of meat
    28 | D        | Noticed a bag of meat
    28 | D        | Noticed a meat berserker
    29 | D        | Noticed a bag of meat
    29 | D        | Noticed a large bag of meat
    29 | D        | Killed a destroyer
    29 | D        | Reached skill level 27 in Throwing
    29 | D        | Reached skill level 27 in Stealth
    29 | D        | Reached skill level 27 in Unarmed Combat
    29 | D        | Killed a destroyer
    30 | D        | Noticed a bag of meat
    31 | D        | Noticed a bag of meat
    31 | D        | Killed a meat berserker
    31 | D        | Reached XP level 23. HP: 234/240 MP: 9/54
    31 | D        | Killed a large bag of meat
    32 | D        | Noticed a destroyer
    33 | D        | Noticed The Servant
    33 | D        | Noticed a bag of meat
    33 | D        | Killed a meat berserker
    33 | D        | Killed a meat berserker
    33 | D        | Killed a destroyer
    33 | D        | Reached XP level 24. HP: 249/249 MP: 9/54
    33 | D        | Killed a destroyer
    33 | D        | Killed a large bag of meat
    35 | D        | Noticed a meat berserker
    36 | D        | Noticed a bag of meat
    36 | D        | Killed a bag of meat
    36 | D        | Killed a bag of meat
    36 | D        | Killed a bag of meat
    37 | D        | Noticed a large bag of meat
    38 | D        | Noticed a destroyer
    39 | D        | Noticed a sculptor of flesh
    39 | D        | Killed a bag of meat
    39 | D        | Killed a destroyer
    39 | D        | Reached XP level 25. HP: 257/257 MP: 11/54
    40 | D        | Noticed a bag of meat
    40 | D        | Killed a meat berserker
    41 | D        | Noticed a destroyer
    41 | D        | Killed a bag of meat
    42 | D        | Killed a bag of meat
    43 | D        | Noticed a meat berserker
    43 | D        | Noticed a destroyer
    43 | D        | Noticed a destroyer
    44 | D        | Noticed a sculptor of flesh
    44 | D        | Killed a bag of meat
    45 | D        | Killed a destroyer
    45 | D        | Reached XP level 26. HP: 167/266 MP: 12/54
    45 | D        | Killed a bag of meat
    45 | D        | Killed a destroyer
    46 | D        | Noticed a large bag of meat
    46 | D        | Killed a large bag of meat
    46 | D        | Killed a destroyer
    47 | D        | Noticed a sculptor of flesh
    47 | D        | Noticed an accursed
    47 | D        | Killed a destroyer
    47 | D        | Reached XP level 27. HP: 273/273 MP: 12/54
    48 | D        | Noticed an accursed
    48 | D        | Killed a bag of meat
    49 | D        | HP: 11/273 [sculptor of flesh/+9 great sword (148)]
    50 | D        | Noticed a meat berserker
    50 | D        | Killed a sculptor of flesh
    50 | D        | Killed a meat berserker
    50 | D        | Annihilated by The Servant

Action                   |  1- 3 |  4- 6 |  7- 9 | 10-12 | 13-15 | 16-18 | 19-21 | 22-24 | 25-27 || total
-------------------------+-------+-------+-------+-------+-------+-------+-------+-------+-------++-------
Melee: Executioner's axe |     1 |       |       |     1 |     2 |     3 |     8 |     6 |    10 ||    31
 Abil: Breathe Noxious F |       |       |       |       |     1 |       |       |       |       ||     1
